 Dungeon Crawl Stone Soup version 0.31-a0-1308-ga3cce3a448 (webtiles) character file.

Game seed: 3837470084606735113

67 grandjackal the Trooper (level 4, 0/48 HPs)
             Began as an Ogre Warper on Dec 19, 2023.
             Slain by an orc
             ... wielding a +0 hand axe
              (5 damage)
             ... on level 2 of the Dungeon.
             The game lasted 00:02:33 (1976 turns).

grandjackal the Trooper (Ogre Warper)               Turns: 1976, Time: 00:02:33

Health: 0/48       AC:  3    Str: 15    XL:     4   Next: 16%
Magic:  7/7        EV: 15    Int: 16    God:
Gold:   118        SH:  0    Dex:  8    Spells: 5/7 levels left

rFire   . . .        t - +0 flail
rCold   . . .        (no shield)
rNeg    . . .        b - +0 robe
rPois   .            (helmet restricted)
rElec   .            (no cloak)
rCorr   .            (gloves unavailable)
SInv    .            (boots unavailable)
Will    .....        p - amulet of the acrobat
Stlth   +            q - +5 ring of evasion
HPRegen 0.28/turn    (no ring)
MPRegen 0.10/turn

%: acrobat
@: no status effects
A: large, unfitting armour, tough skin 1
a: no special abilities


You were on level 2 of the Dungeon.
You visited 1 branch of the dungeon, and saw 3 of its levels.

You collected 118 gold pieces.

Inventory:

Hand Weapons
 t - a +0 flail (weapon)
Missiles
 d - 7 darts of dispersal
 g - 6 poisoned darts
 h - 23 stones (quivered)
 m - 2 curare-tipped darts
Armour
 b - a +0 robe (worn)
Jewellery
 p - an amulet of the acrobat (around neck)
 q - a +5 ring of evasion (left hand)
Scrolls
 c - 2 scrolls of blinking
 e - 7 scrolls of identify {unknown}
 f - 3 scrolls of teleportation {unknown}
 i - a scroll of fog {unknown}
 k - a scroll of noise {unknown}
 n - a scroll of poison {unknown}
 o - a scroll of revelation {unknown}
 r - a scroll of immolation {unknown}
Potions
 j - a potion of lignification {unknown}
 l - a potion of might {unknown}
 s - a potion of curing {unknown}


   Skills:
 + Level 4.1 Fighting
 + Level 2.7 Maces & Flails
 - Level 1.0 Throwing
 - Level 2.4 Dodging
 - Level 2.4 Spellcasting
 - Level 3.0 Translocations


You had 5 spell levels left.
You knew the following spells:

 Your Spells              Type           Power      Damage    Failure   Level
a - Blink                 Tloc           22%        N/A       9%          2

Your spell library contained the following spells:

 Spells                   Type           Power      Damage    Failure   Level
 Lesser Beckoning         Tloc           22%        N/A       9%          2
 Teleport Other           Tloc           11%        N/A       17%         3
 Manifold Assault         Tloc           11%        N/A       50%         4
 Vhi's Electric Charge    Tloc/Air       12%        N/A       71%         4
 Summon Lightning Spire   Summ/Air       1%         N/A       89%         4
 Arcjolt                  Conj/Air       0%         1d10      99%         5
 Conjure Ball Lightning   Conj/Air       0%         3x3d6     100%        6
 Plasma Beam              Fire/Air       0%         2x1d10    100%        6


Dungeon Overview and Level Annotations

Branches:
Dungeon (3/15)

Altars:
Cheibriados
Hepliaklqana

Shops:
D:1 (*[(?


Innate Abilities, Weirdness & Mutations

You are too large for most types of armour.
You have tough skin. (AC +1)


Message History

You barely miss the orc.
The orc is heavily wounded.
The orc misses you.
You closely miss the orc.
The orc is heavily wounded.
The orc barely misses you.
You barely miss the orc.
The orc is heavily wounded.
The orc hits you with a +0 hand axe. The orc completely misses you.
You hit the orc but do no damage.
The orc is heavily wounded.
The orc hits you with a +0 hand axe.
You closely miss the orc.
The orc is heavily wounded.
The orc hits you with a +0 hand axe!
* * * LOW HITPOINT WARNING * * *
You closely miss the orc.
The orc is heavily wounded.
The orc barely misses you.
You barely miss the orc.
The orc is heavily wounded.
The orc misses you. The orc hits you with a +0 hand axe.
* * * LOW HITPOINT WARNING * * *
You barely miss the orc.
The orc is moderately wounded.
The orc hits you with a +0 hand axe.
* * * LOW HITPOINT WARNING * * *
You completely miss the orc.
The orc is moderately wounded.
The orc hits you but does no damage.
You hit the orc but do no damage.
The orc is moderately wounded.
The orc misses you. The orc barely misses you.
You hit the orc.
The orc is almost dead.
The orc closely misses you.
You barely miss the orc.
The orc is severely wounded.
The orc hits you with a +0 hand axe.
You die...

#.# #.##...........#..
####.####.##......<....###
#.........##...........# #
##.#......##...........#
#.######.##...........#
#.#....#.##...........#
#.#.##.#.#####........###
#.#.##.#o.............+..
#.#.##.#@)............###
#.#.##.#######........###
#.#.##.# #...........
#.#.##.# #...........
#.#.##.#######.).........
#.#.##.........##........
#.#.##.........##........
#.#.##.........##....####
#...##.........##.....#


You could see an orc.

Vanquished Creatures
  2 adders (D:2)
  2 dart slugs
  2 orcs (D:2)
  2 ball pythons (D:1)
  3 bats
  5 endoplasms (D:1)
  A giant cockroach (D:1)
  4 goblins (D:2)
  3 hobgoblins
  4 jackals (D:1)
  6 kobolds
  3 frilled lizards (D:2)
  2 rats
39 creatures vanquished.

Notes
Turn   | Place    | Note
-------+----------+-------------------------------------------
     0 | D:1      | grandjackal the Ogre Warper began the quest for the Orb.
     0 | D:1      | Reached XP level 1. HP: 22/22 MP: 3/3
    55 | D:1      | Reached XP level 2. HP: 21/29 MP: 5/5
    88 | D:1      | Learned a level 2 spell: Blink
   141 | D:1      | Reached skill level 3 in Fighting
   218 | D:1      | Found Ygosh's General Store.
   433 | D:1      | Found Rililub's Antique Weapon Emporium.
   484 | D:1      | Found Ytef's Armour Shoppe.
   545 | D:1      | Found Sicsecyr's Magic Scroll Boutique.
   657 | D:1      | Found Opuka's Weapon Emporium.
   662 | D:1      | Reached XP level 3. HP: 35/37 MP: 6/6
  1278 | D:2      | Reached skill level 4 in Fighting
  1278 | D:2      | Reached XP level 4. HP: 48/48 MP: 7/7
  1701 | D:3      | Found a hazy altar of Hepliaklqana.
  1701 | D:3      | Found a snail-covered altar of Cheibriados.
  1887 | D:3      | Got Ceetz's Papyrus of Inhalation
  1976 | D:2      | Slain by an orc

Illustrated notes

Levels and vault maps discovered:
D:1:      psy_arrival_terrarium, layout_rooms, serial_shops, shop,
          nicolae_shop_bloodbath_and_beyond, nicolae_shop_tiny_glass, shop,
          nicolae_shop_window_shopping
D:2:      layout_basic
D:3:      layout_loops_corners, gammafunk_temple_overflow_wave

Skill      XL: |  1  2  3 |
---------------+----------+-----
Fighting       | 3 4 |  4.1
Maces & Flails | 2 |  2.7
Translocations | 3 |  3.0
Throwing       | |  1.0
Dodging        | |  2.4
Spellcasting   | |  2.4

Action                     |  1- 3 |  4- 6 || total
---------------------------+-------+-------++-------
  Melee: Mace              |   138 |    12 ||   150
         Flail             |       |    23 ||    23
 Armour: Robe              |   102 |    21 ||   123
  Dodge: Dodged            |    95 |    31 ||   126

Table legend: (Time is in decaauts)
 A = Elapsed time spent in this place.
 B = Non-inter-level travel time spent in this place.
 C = Inter-level travel time spent in this place.
 D = Time resting spent in this place.
 E = Time spent auto-exploring this place.
 F = Levels seen in this place.
 G = Mean time per level.
                   A        B        C        D        E       F      G
               +--------+--------+--------+--------+--------+-----+--------+
         Total |   2026 |   1975 |     51 |    169 |   1392 |   3 |  675.3 |
       Dungeon |   2026 |   1975 |     51 |    169 |   1392 |   3 |  675.3 |
               +--------+--------+--------+--------+--------+-----+--------+

Top non-repeatable levels by time:
     D:2: 912 daAuts
     D:1: 825 daAuts
     D:3: 287 daAuts
